 Dungeon Crawl Stone Soup version 0.23.2-1-ga50397a (webtiles) character file.

Game seed: 1125986231425928028

405 Borgoz the Slasher (level 6, -6/38 HPs)
             Began as a Gargoyle Gladiator on May 15, 2019.
             Mangled by an ogre
             ... wielding a +0 giant club
              (17 damage)
             ... on level 5 of the Dungeon.
             The game lasted 00:05:41 (3648 turns).

Borgoz the Slasher (Gargoyle Gladiator)             Turns: 3648, Time: 00:05:42

Health: -6/38      AC: 20    Str: 18    XL:     6   Next: 87%
Magic:  6/6        EV:  7    Int: 13    God:
Gold:   212        SH:  0    Dex: 13    Spells: 5/5 levels left

rFire    . . .     SeeInvis +   a - +0 long sword
rCold    . . .     Gourm    .   (no shield)
rNeg     + . .     Faith    .   r - +1 plate armour
rPois    ∞         Spirit   .   c - +0 helmet
rElec    +         Reflect  .   (no cloak)
rCorr    .         Harm     .   (no gloves)
MR       .....                  m - +2 pair of boots
Stlth    ..........             (no amulet)
HPRegen  0.12/turn              g - ring of see invisible
MPRegen  0.10/turn              h - +5 ring of intelligence

@: no status effects
A: negative energy resistance 1, electricity resistance, unbreathing,
petrification resistance, rot immunity, AC +4
a: no special abilities


You were on level 5 of the Dungeon.
You were very hungry.

You visited 1 branch of the dungeon, and saw 5 of its levels.
You also visited: Ossuary.

You collected 212 gold pieces.

Inventory:

Hand Weapons
 a - a +0 long sword (weapon)
Armour
 c - a +0 helmet (worn)
 m - a +2 pair of boots (worn)
 r - a +1 plate armour (worn)
Jewellery
 g - a ring of see invisible (left hand)
 h - a +5 ring of intelligence (right hand)
 o - a +3 amulet of reflection {unknown}
 q - an uncursed ring of stealth {unknown}
Scrolls
 b - 2 scrolls of fear
 i - a scroll of magic mapping {unknown}
 j - 2 scrolls of identify
 n - a scroll of enchant weapon
Potions
 e - a potion of brilliance {unknown}
 k - a potion of might
 l - a potion of curing
 p - a potion of cancellation {unknown}
Comestibles
 f - 7 rations


   Skills:
 + Level 3.7 Fighting
 * Level 4.4 Long Blades
 - Level 1.7 Throwing
 + Level 2.8 Armour
 * Level 4.0 Dodging


You had 5 spell levels left.
You didn't know any spells.
Your spell library contained the following spells:

 Spells                   Type           Power        Failure   Level  Hunger
 Animate Skeleton         Necr           N/A          100%        1    ##.....
 Apportation              Tloc           #.....       100%        1    ##.....
 Confusing Touch          Hex            #.....       100%        1    ##.....
 Summon Small Mammal      Summ           #...         100%        1    ##.....


Dungeon Overview and Level Annotations

Branches:
Dungeon (5/15)
 Temple: D:4-7

Altars:
Nemelex Xobeh
Ru
The Shining One


Innate Abilities, Weirdness & Mutations

You are resistant to torment.
Your stone body is resilient. (AC +4)
You are immune to poison.
You resist negative energy. (rN+)
You are resistant to electric shocks. (rElec)
You can survive without breathing.
You are immune to petrification.
You are immune to rotting.


Message History

The ogre is caught in the net!
The ogre is moderately wounded.
The ogre struggles against the net.
You hit the ogre.
The ogre is heavily wounded.
The ogre struggles against the net.
You slash the ogre!
The ogre is severely wounded.
The ogre struggles against the net.
You hit the ogre but do no damage.
The ogre is severely wounded.
The ogre struggles against the net.
You hit the ogre but do no damage.
The ogre is severely wounded.
The ogre struggles against the net.
The net rips apart, and the ogre comes free!
You completely miss the ogre.
The ogre is severely wounded.
The ogre hits you with a +0 giant club!
You die...

... ###....####.
#.!..##.#####..####.#...
......#......### #.....
....<....#...# #.....
.............######..>..
...............##.......
........................
............##...#.....#
(.....O@....##..##......
...........###.###..<...
...............# #..#...
...............#...#....
#.......#..###.....#....
###...##..## .....#....
##.. ...# #... #.... ##.
..## ...... ...#...


You could see an ogre.

Vanquished Creatures
  A bullfrog (D:4)
  An elf zombie (Ossuary)
  A centaur zombie (Ossuary)
  A human zombie (Ossuary)
  A worker ant (D:4)
  A big kobold zombie (Ossuary)
  2 mummies (Ossuary)
  7 adders
  An adder skeleton (D:4)
  An adder zombie (Ossuary)
  3 worms (D:2)
  A dart slug (D:1)
  3 orcs
  A giant cockroach (D:2)
  3 hobgoblins
  5 jackals
  4 kobolds
  3 quokkas
  2 ball pythons
  3 bats
  2 frilled lizards
  5 goblins
  2 goblin zombies (Ossuary)
  6 hobgoblin zombies (Ossuary)
  A jackal zombie (Ossuary)
  14 kobold zombies (Ossuary)
  8 orc zombies (Ossuary)
  6 rats
  A rat zombie (Ossuary)
90 creatures vanquished.

Notes
Turn   | Place    | Note
-------+----------+-------------------------------------------
     0 | D:1      | Borgoz the Gargoyle Gladiator began the quest for the Orb.
     0 | D:1      | Reached XP level 1. HP: 12/12 MP: 1/1
   165 | D:1      | Reached XP level 2. HP: 14/18 MP: 2/2
   592 | D:2      | Reached skill level 1 in Armour
   592 | D:2      | Reached XP level 3. HP: 20/22 MP: 3/3
   860 | D:2      | Found a sacrificial altar of Ru.
   860 | D:2      | Found a sparkling altar of Nemelex Xobeh.
   961 | D:2      | Found a glowing golden altar of the Shining One.
  1648 | D:3      | Reached XP level 4. HP: 22/27 MP: 4/4
  1839 | D:3      | Found a sparkling altar of Nemelex Xobeh.
  1880 | D:3      | Found a faded altar of an unknown god.
  2279 | D:4      | Found a sand-covered staircase.
  2288 | Ossuary  | Entered an ossuary
  2428 | Ossuary  | Reached XP level 5. HP: 9/32 MP: 5/5
  2779 | Ossuary  | Reached XP level 6. HP: 20/37 MP: 6/6
  3571 | D:5      | Entered Level 5 of the Dungeon
  3648 | D:5      | Mangled by an ogre

Skill      XL: |  1  2  3  4  5  6 |
---------------+-------------------+-----
Long Blades    | 3 4 |  4.4
Armour         | 1 2 |  2.8
Dodging        | 3 4 |  4.0
Fighting       | 3 |  3.7
Throwing       | |  1.7

Action                   |  1- 3 |  4- 6 || total
-------------------------+-------+-------++-------
Melee: Long sword        |    85 |   278 ||   363
Throw: Throwing net      |       |     5 ||     5
  Use: Scroll            |       |     9 ||     9
       Potion            |       |     2 ||     2
 Stab: Sleeping          |       |     1 ||     1
  Eat: Chunk             |     2 |     3 ||     5
       Ration            |       |     1 ||     1
Armor: Leather armour    |    42 |    81 ||   123
       Skin              |       |    21 ||    21
       Plate armour      |       |    26 ||    26
Dodge: Dodged            |    67 |   151 ||   218
       Rpst.: Long sword |    22 |    52 ||    74
